 Dungeon Crawl Stone Soup version 0.29.1-1-gd02db6906a (webtiles) character file.

Game seed: 15964539988728830519

1638 AlexRAT the Trooper (level 8, -3/59 (64) HPs)
             Began as a Demonspawn Monk on Oct 9, 2022.
             Was an Elder of Sif Muna.
             Slain by a wight
             ... wielding a +2 battleaxe
              (14 damage)
             ... on level 6 of the Dungeon.
             The game lasted 00:12:16 (8146 turns).

AlexRAT the Trooper (Demonspawn Monk)               Turns: 8146, Time: 00:12:17

HP:   -3/59 (64)    AC: 14    Str: 14    XL:     8   Next: 66%
MP:   14/14         EV: 14    Int: 12    God:    Sif Muna [****..]
Gold: 301           SH:  5    Dex: 15    Spells: 16/16 levels left

rFire   . . .      SeeInvis .   y - +2 whip (freeze)
rCold   + + .      Faith    .   (no shield)
rNeg    . . .      Spirit   .   A - +2 robe {rC+}
rPois   .          Reflect  +   C - +0 helmet
rElec   .          Harm     .   (no cloak)
rCorr   .          Rampage  .   (gloves unavailable)
Will    .....                   (no boots)
Stlth   ++........              D - amulet of reflection
HPRegen 0.19/turn               n - ring of protection from cold
MPRegen 0.14/turn               (no ring)

@: sanguine armoured, drained
A: ignite blood 2, sanguine armour 2, demonic touch 3
a: Renounce Religion, Channel Magic, Forget Spell, Divine Exegesis


You were on level 6 of the Dungeon.
You worshipped Sif Muna.
Sif Muna was greatly pleased with you.
You visited 2 branches of the dungeon, and saw 7 of its levels.

You collected 301 gold pieces.

Inventory:

Hand Weapons
 a - a +0 mace
 y - a +2 whip of freezing (weapon)
Missiles
 s - 19 poisoned darts (quivered)
Armour
 b - a +0 robe
 g - a +1 leather armour of poison resistance
 A - a +2 robe of cold resistance (worn)
 C - a +0 helmet (worn)
Magical Staves
 E - a staff of conjuration
Jewellery
 i - the amulet "Vampaqil" {Spirit MP+9}
   (You acquired it on level 4 of the Dungeon)

   [amulet of guardian spirit]

   It causes incoming damage to be divided between your reserves of health and
   magic.
   MP:        It affects your magic capacity (+9).
 n - a ring of protection from cold (left hand)
 D - an amulet of reflection (around neck)
Wands
 q - a wand of roots (13)
 v - a wand of flame (5)
Scrolls
 e - 2 scrolls of enchant weapon
 j - 2 scrolls of vulnerability
 k - 8 scrolls of teleportation
 m - 2 scrolls of amnesia
 p - a scroll of silence
 r - a scroll of fog {unknown}
 t - a scroll of immolation {unknown}
 w - a scroll of brand weapon {unknown}
 B - 2 scrolls of identify
Potions
 c - 2 potions of ambrosia
 d - 4 potions of brilliance {unknown}
 f - 4 potions of heal wounds {unknown}
 h - 4 potions of curing {unknown}
 l - a potion of attraction {unknown}
 o - 4 potions of lignification {unknown}
 u - a potion of haste {unknown}
 x - 2 potions of invisibility {unknown}
 z - a potion of flight {unknown}


   Skills:
 + Level 6.2 Fighting
 - Level 3.0 Maces & Flails
 - Level 4.7 Armour
 + Level 5.7 Dodging
 - Level 1.7 Stealth
 + Level 4.5 Spellcasting
 * Level 1.0 Conjurations


You had 16 spell levels left.
You didn't know any spells.
Your spell library contained the following spells:

 Spells                   Type           Power      Damage    Failure   Level
 Summon Small Mammal      Summ           8%         N/A       22%         1
 Call Canine Familiar     Summ           2%         N/A       54%         3
 Summon Guardian Golem    Hex/Summ       2%         N/A       54%         3
 Hailstorm                Conj/Ice       3%         3d3       86%         4
 Ice Form                 Ice/Tmut       2%         N/A       91%         4
 Simulacrum               Ice/Necr       1%         N/A       100%        6
 Orb of Destruction       Conj           2%         9d5       100%        7
 Spellforged Servitor     Conj/Summ      1%         N/A       100%        7


Dungeon Overview and Level Annotations

Branches:
Dungeon (6/15)             Temple (1/1) D:4

Altars:
Cheibriados
Fedhas
Gozag
Kikubaaqudgha
Makhleb
Nemelex Xobeh
Qazlal
Sif Muna
Trog
Wu Jian
Xom

Annotations:
D:3 3 runed translucent doors, dvd2's ghost, amateur OpEE


Innate Abilities, Weirdness & Mutations

Your demonic aura often causes spilled blood to erupt in flames.
When seriously injured, your blood forms thick armour. (AC +9)
Your touch may irresistibly damage your foes and sap their willpower.


Message History

The wight hits you with a +0 long sword.
You barely miss the wight.
The wight is lightly damaged.
You block the wight's attack.
You hit the wight but do no damage.
The wight is lightly damaged.
The wight barely misses you.
You hit the wight but do no damage.
The wight is lightly damaged.
The wight hits you but does no damage. The wight hits you with a +2 battleaxe!
You hit the wight.
The wight is heavily damaged.
You block the wight's attack. The wight hits you but does no damage.
You hit the wight.
The wight is severely damaged.
The wight barely misses you. The wight misses you.
You hit the wight.
The wight is severely damaged.
The wight misses you. The wight hits you with a +2 battleaxe!
You feel drained.
You closely miss the wight.
The wight is severely damaged.
The wight closely misses you. You block the wight's attack.
You hit the wight but do no damage. Your touch misses the wight.
The wight is severely damaged.
The wight closely misses you. You block the wight's attack.
You completely miss the wight.
The wight is severely damaged.
The wight barely misses you. The wight hits you with a +2 battleaxe.
You hit the wight but do no damage.
The wight is severely damaged.
The wight hits you but does no damage. You block the wight's attack.
You closely miss the wight.
The wight is severely damaged.
The wight hits you with a +0 long sword!
* * * LOW HITPOINT WARNING * * *
You feel drained.
* * * LOW HITPOINT WARNING * * *
The wight completely misses you. The wight attacks as you move away!
The wight hits you with a +2 battleaxe!
You die...

#.......)....###...# ##.#
#.######.......#...# #..#
#.# #.......#...####.##
#.# #.......#.#........
#.# ###...###.######.##
#.# ####.......# #.# #.#
#...<.....## #.# #.#
#.##..#.#.# #.# #.#
#.#@....#.# #.##
#.#####.#zz.#.#[#######...
#.......<.................
#######.#..##...#######...
#.#.................
#.##.###.########...
#.##.###.## ##.#
#.##.##...## #.#
#.##.......## #.#


You could see 2 wights.

Vanquished Creatures
  Pikel (D:5)
  A sky beast (D:5)
  3 phantoms
  A bullfrog (D:6)
  2 scorpions
  A wight (D:6)
  3 hounds
  3 orc priests
  2 jellies
  An iguana (D:4)
  Ijyb (D:3)
  7 orc wizards
  7 gnolls
  6 adders
  2 ufetubi (D:5)
  2 dart slugs
  14 orcs
  4 endoplasms
  3 giant cockroaches
  7 goblins
  5 hobgoblins
  4 jackals (D:1)
  3 quokkas
  5 ball pythons
  3 bats
  2 frilled lizards
  4 kobolds
  4 rats
101 creatures vanquished.

Notes
Turn   | Place    | Note
-------+----------+-------------------------------------------
     0 | D:1      | AlexRAT the Demonspawn Monk began the quest for the Orb.
     0 | D:1      | Reached XP level 1. HP: 18/18 MP: 1/1
   447 | D:1      | Gained mutation: Your touch may inflict minor irresistible
                  | damage on your foes. [demonic ancestry]
   447 | D:1      | Reached XP level 2. HP: 24/24 MP: 2/2
  1053 | D:1      | Reached skill level 1 in Armour
  1335 | D:1      | Found a faded altar of an unknown god.
  1345 | D:1      | Gained mutation: When seriously injured, your blood forms
                  | armour. (AC +9) [demonic ancestry]
  1345 | D:1      | Reached XP level 3. HP: 26/29 MP: 3/3
  1357 | D:1      | Prayed at the altar of an unknown god.
  1357 | D:1      | Became a worshipper of Sif Muna the Loreminder
  1357 | D:1      | Reached * piety under Sif Muna
  1357 | D:1      | Reached ** piety under Sif Muna
  2207 | D:2      | Reached *** piety under Sif Muna
  2720 | D:2      | Gained mutation: When seriously injured, your blood forms
                  | thick armour. (AC +9) [demonic ancestry]
  2720 | D:2      | Reached XP level 4. HP: 35/35 MP: 3/5
  3014 | D:3      | Reached skill level 1 in Spellcasting
  3311 | D:3      | Found a runed translucent gate.
  3311 | D:3      | Found a runed translucent gate.
  3311 | D:3      | Found a runed translucent gate.
  3313 | D:3      | Noticed dvd2's ghost (amateur OpEE)
  3471 | D:3      | Noticed Ijyb
  3485 | D:3      | Killed Ijyb
  3770 | D:3      | Gained mutation: Your touch may inflict irresistible damage
                  | on your foes. [demonic ancestry]
  3770 | D:3      | Reached XP level 5. HP: 24/42 MP: 5/7
  3960 | D:3      | Reached skill level 4 in Fighting
  4476 | D:4      | Gained mutation: Your demonic aura sometimes causes spilled
                  | blood to erupt in flames. [demonic ancestry]
  4476 | D:4      | Reached XP level 6. HP: 15/48 MP: 9/9
  4717 | D:4      | Found a staircase to the Ecumenical Temple.
  4721 | Temple   | Entered the Ecumenical Temple
  5643 | D:4      | Identified a scroll of acquirement
  5644 | D:4      | Acquired the amulet "Vampaqil" {Spirit MP+9}
  5733 | D:5      | Entered Level 5 of the Dungeon
  5773 | D:5      | Gained mutation: Your touch may irresistibly damage your
                  | foes and sap their willpower. [demonic ancestry]
  5773 | D:5      | Reached XP level 7. HP: 33/55 MP: 11/11
  6167 | D:5      | Reached skill level 5 in Fighting
  6393 | D:5      | Noticed Pikel
  6420 | D:5      | Killed Pikel
  6420 | D:5      | Reached **** piety under Sif Muna
  6421 | D:5      | Reached skill level 5 in Dodging
  6421 | D:5      | Gained mutation: Your demonic aura often causes spilled
                  | blood to erupt in flames. [demonic ancestry]
  6421 | D:5      | Reached XP level 8. HP: 32/64 MP: 12/14
  7545 | D:6      | Found a blossoming altar of Fedhas.
  7585 | D:6      | Reached skill level 6 in Fighting
  8041 | D:6      | Reached skill level 1 in Conjurations
  8146 | D:6      | Slain by a wight

Illustrated notes

Levels and vault maps discovered:
D:1:      elethiomel_arrival_quiet, layout_basic, basic_ecumenical_altar,
          minmay_unequal
D:2:      layout_basic, minmay_small_reverse_x
D:3:      layout_rooms, ebering_ghost_rock_garden, kennysheep_cross_room,
          uniq_ijyb
D:4:      layout_loops_ring, temple_hall_moat, minmay_misc_feat_iff,
          chequers_serial_rivers_marsh
D:5:      layout_basic, uniq_pikel
D:6:      layout_loops_ring, fedhas_altar_2
Temple:   compressed_dpeg_triangle_lava_temple

Skill      XL: |  1  2  3  4  5  6  7  8 |
---------------+-------------------------+-----
Dodging        | 3 4 5 |  5.7
Maces & Flails | 3 |  3.0
Armour         | 1 2 3 4 |  4.7
Spellcasting   | 1 2 4 |  4.5
Fighting       | 4 5 6 |  6.2
Conjurations   | 1 |  1.0
Stealth        | |  1.7

Action                   |  1- 3 |  4- 6 |  7- 9 || total
-------------------------+-------+-------+-------++-------
Melee: Mace              |    96 |   130 |    71 ||   297
       Touch             |    12 |    29 |    20 ||    61
       Punch             |       |     1 |     4 ||     5
       Whip              |       |       |    80 ||    80
  Use: Scroll            |       |     7 |       ||     7
 Stab: Sleeping          |     3 |     3 |     2 ||     8
Armor: Robe              |    19 |    27 |    22 ||    68
       Leather armour    |       |    15 |    19 ||    34
Dodge: Dodged            |    74 |   108 |    69 ||   251
Block: Other             |       |       |    13 ||    13
